 Dungeon Crawl Stone Soup version 0.30.0-29-ga12c61a403 (webtiles) character file.

Game seed: 9533364333462829818

109 booth the Conjurer (level 4, -2/28 HPs)
             Began as a Gargoyle Reaver on June 21, 2023.
             Slain by Natasha (6 damage)
             ... while paralysed by Grinder
             ... on level 3 of the Dungeon.
             The game lasted 00:10:52 (2025 turns).

booth the Conjurer (Gargoyle Reaver)                Turns: 2025, Time: 00:10:52

Health: -2/28      AC:  7    Str: 18    XL:     4   Next: 89%
Magic:  7/7        EV:  2    Int: 13    God:
Gold:   73         SH:  0    Dex:  8    Spells: 2/8 levels left

rFire   . . .        a - +0 mace
rCold   . . .        g - +0 buckler
rNeg    + . .        b - +0 leather armour
rPois   ∞            (no helmet)
rElec   +            d - scarf {+Inv}
rCorr   .            m - +0 pair of gloves
SInv    .            (no boots)
Will    .....        (no amulet)
Stlth   +            (no ring)
HPRegen 0.24/turn    (no ring)
MPRegen 0.10/turn

%: no passive effects
@: paralysed, slowed
A: sickness immunity, AC +3, negative energy resistance 1, electricity
resistance, torment resistance 1, petrification resistance
a: Evoke Invisibility


You were on level 3 of the Dungeon.
You visited 1 branch of the dungeon, and saw 3 of its levels.

You collected 73 gold pieces.

Inventory:

Hand Weapons
 a - a +0 mace (weapon)
Armour
 b - a +0 leather armour (worn)
 d - a scarf of invisibility (worn)
 g - a +0 buckler (worn)
 m - a +0 pair of gloves (worn)
Scrolls
 e - a scroll of teleportation
 f - 3 scrolls of magic mapping
 j - a scroll of identify {unknown}
 l - a scroll of amnesia
Potions
 c - a potion of invisibility {unknown}
 h - a potion of ambrosia {unknown}
 i - a potion of flight {unknown}
 k - a potion of haste


   Skills:
 + Level 3.0 Fighting
 + Level 3.6 Maces & Flails
 + Level 2.3 Dodging
 + Level 2.6 Spellcasting
 + Level 3.9 Conjurations


You had 2 spell levels left.
You knew the following spells:

 Your Spells              Type           Power      Damage    Failure   Level
a - Kiss of Death         Conj/Necr      24%        2d7       17%         1
b - Momentum Strike       Conj/Tloc      12%        3d8       26%         2
c - Hailstorm             Conj/Ice       6%         3d4       45%         3

Your spell library contained the following spells:

 Spells                   Type           Power      Damage    Failure   Level


Dungeon Overview and Level Annotations

Branches:
Dungeon (3/15)

Altars:

Annotations:
D:3 Grinder, Natasha


Innate Abilities, Weirdness & Mutations

You are immune to sickness and miasma.
Your stone body is resilient. (AC +3)
You are immune to poison.
You resist negative energy. (rN+)
You are resistant to electric shocks. (rElec)
You are resistant to unholy torment.
You are immune to petrification.


Message History

Natasha stares at you and mumbles some strange words.
The magic dart hits you but does no damage.
You barely miss Natasha.
Grinder blinks!
Natasha claws you but does no damage.
You closely miss Natasha. Natasha claws you but does no damage.
Natasha attacks as you move away! Natasha claws you but does no damage.
Natasha stares at you and mumbles some strange words.
The magic dart hits you. Natasha attacks as you move away! Natasha claws you.
Natasha closely misses you.
There is a stone staircase leading up here.
You hit Natasha.
Natasha is moderately wounded.
Natasha closely misses you.
You hit Natasha.
Natasha is heavily wounded.
Natasha claws you but does no damage. Natasha closely misses you.
You closely miss Natasha.
Natasha is heavily wounded.
Natasha stares at you and mumbles some strange words.
You feel yourself slow down.
You hit Natasha.
Natasha is almost dead.
Natasha barely misses you. x2
You hit Natasha but do no damage.
Natasha is almost dead.
Natasha claws you.
You closely miss Natasha.
Natasha is almost dead.
Grinder blinks!
Natasha claws you but does no damage. Grinder gestures at you.
You suddenly lose the ability to move!
Natasha mumbles some strange words.
Natasha claws you! Grinder hits you.
You writhe in agony.
Natasha claws you.
* * * LOW HITPOINT WARNING * * *
Grinder hits you but does no damage.
The cerulean imp hits you from afar with a +1 spear.
* * * LOW HITPOINT WARNING * * *
Natasha claws you.
You die...

#....... #..).. #....
. #..### # .#
.#########....##.##.##
......................
##.#.##.###.#.##....#
#.###.#.##...##
#.....@5.(...#
.########.h..#...#
..........5......#
.#######.....##.....
#..#.## .###
#######..#.# #
...........#
########.#.# #.....


You could see Grinder, Natasha and a cerulean imp (summoned).

Vanquished Creatures
  Natasha (D:3)
  3 adders (D:2)
  A worm (D:2)
  7 ball pythons
  6 endoplasms
  2 giant cockroaches (D:1)
  7 goblins
  2 hobgoblins
  2 quokkas
  7 bats
  A frilled lizard (D:1)
  7 kobolds
  6 rats
  A butterfly (D:1)
53 creatures vanquished.

Notes
Turn   | Place    | Note
-------+----------+-------------------------------------------
     0 | D:1      | booth the Gargoyle Reaver began the quest for the Orb.
     0 | D:1      | Reached XP level 1. HP: 12/12 MP: 3/3
   101 | D:1      | Reached XP level 2. HP: 16/18 MP: 5/5
   116 | D:1      | Learned a level 2 spell: Momentum Strike
   672 | D:1      | Reached XP level 3. HP: 20/22 MP: 6/6
   676 | D:1      | Learned a level 3 spell: Hailstorm
  1330 | D:2      | Reached XP level 4. HP: 27/27 MP: 7/7
  1769 | D:2      | Found a faded altar of an unknown god.
  1969 | D:3      | Noticed Natasha
  1981 | D:3      | Killed Natasha
  2006 | D:3      | Noticed Natasha
  2007 | D:3      | Noticed Grinder
  2022 | D:3      | Paralysed by Grinder for 4 turns
  2025 | D:3      | Slain by Natasha

Illustrated notes

Levels and vault maps discovered:
D:1:      dpeg_arrival_lava_temple_mockup, layout_basic, corexii_corridor_pit,
          hangedman_glass_garden, minmay_pentomino_u4
D:2:      layout_basic, hellmonk_ecumenical_altar_inner_sanctum
D:3:      layout_loops_ring, lemuel_tele_altar, lemuel_coloured_pillars_altar,
          nzn_wu_jian_council_hall, uniq_natasha, uniq_grinder

Skill      XL: |  1  2  3  4 |
---------------+-------------+-----
Dodging        | 2 |  2.3
Fighting       | 3 |  3.0
Maces & Flails | |  3.6
Spellcasting   | |  2.6
Conjurations   | |  3.9

Action                     |  1- 3 |  4- 6 || total
---------------------------+-------+-------++-------
  Melee: Mace              |   134 |    62 ||   196
         Punch             |     1 |       ||     1
    Use: Scroll            |     2 |     3 ||     5
         Potion            |     1 |     1 ||     2
 Armour: Leather armour    |    55 |    22 ||    77
  Dodge: Dodged            |    89 |    24 ||   113
  Block: Buckler           |     2 |     5 ||     7
